 Dungeon Crawl Stone Soup version 0.28.0 (webtiles) character file.

Game seed: 8458527809159660053

299 GrayStillPlays the Ducker (level 6, -6/46 HPs)
             Began as a Djinni Fire Elementalist on Feb 11, 2022.
             Killed by an exploding killer bee (11 damage)
             ... ignited by their inner flame
             ... on level 4 of the Dungeon.
             The game lasted 00:08:08 (5590 turns).

GrayStillPlays the Ducker (DjFE)                    Turns: 5590, Time: 00:08:08

Health: -6/46      AC:  4    Str:  7    XL:     6   Next: 63%
Gold:   168        EV: 13    Int: 19    God:
                   SH:  0    Dex: 13

rFire   + + .      SeeInvis .   m - +1 whip (venom) {mace}
rCold   x . .      Faith    .   (no shield)
rNeg    . . .      Spirit   .   a - +0 robe rPois โˆž Reflect .
                                n - +0 helmet
rElec   .          Harm     .   (no cloak)
rCorr   .          Rampage  .   v - +0 pair of gloves
Will    .....                   (boots unavailable)
Stlth   ++........              (no amulet)
HPRegen 0.15/turn               (no ring)
MPRegen 0.00/turn               (no ring)

@: flying
A: sickness immunity, fire resistance 2, cold vulnerability 1, float, innate
caster, HP casting, extra vitality 1
a: no special abilities


You were on level 4 of the Dungeon.
You visited 1 branch of the dungeon, and saw 4 of its levels.

You collected 168 gold pieces.


Innate Abilities, Weirdness & Mutations

You are immune to sickness and miasma.
You are immune to poison.
Your flesh is very heat resistant. (rF++)
You are vulnerable to cold. (rC-)
You float through the air rather than walking.
You learn spells naturally, not from books.
Your magical power is your life essence.
You have superior vitality. (+4 MHP)


   Skills:
 + Level 3.3 Fighting
 + Level 4.4 Dodging
 - Level 1.5 Stealth
 + Level 3.6 Spellcasting


You couldn't memorise any spells.
You knew the following spells:

 Your Spells              Type           Power      Damage    Failure   Level
a - Foxfire               Conj/Fire      68%        2x1d7     3%          1
b - Scorch                Fire           34%        2d7       4%          2
c - Conjure Flame         Conj/Fire      17%        6-21      10%         3
d - Inner Flame           Hex/Fire       17%        N/A       10%         3
e - Flame Wave            Conj/Fire      17%        2d6       32%         4
f - Apportation           Tloc           34%        N/A       3%          1
g - Corpse Rot            Necr/Air       34%        N/A       4%          2
Your spell library was empty.

Inventory:

Hand Weapons
 d - a +0 dagger {short}
   (You took it off a goblin on level 1 of the Dungeon)
 m - a +1 whip of venom (weapon) {mace}
   (You took it off Robin on level 2 of the Dungeon)
Missiles
 f - 207 stones {throwing}
 l - 42 bolts
 u - 3 poisoned darts {throwing}
 y - 22 arrows
Armour
 a - a +0 robe (worn)
 n - a +0 helmet (worn)
   (You took it off Robin on level 2 of the Dungeon)
 o - a +0 animal skin
   (You took it off Robin on level 2 of the Dungeon)
 v - a +0 pair of gloves (worn)
   (You found it on level 3 of the Dungeon)
Scrolls
 b - a scroll of enchant weapon {unknown}
 e - 3 scrolls of identify {unknown}
 i - 2 scrolls of fog {unknown}
 j - 3 scrolls of immolation {!r!r}
 k - a scroll of summoning {unknown}
 p - a scroll of fear {unknown}
 q - 3 scrolls of blinking {unknown}
 r - a scroll of amnesia {unknown}
 t - a scroll of vulnerability {unknown}
Potions
 c - a potion of degeneration {unknown}
 g - 2 potions of berserk rage {unknown}
 h - 4 potions of curing {unknown}
 s - 2 potions of heal wounds {unknown}
 w - a potion of brilliance {unknown}
 x - a potion of attraction {unknown}
 z - a potion of magic {unknown}

Dungeon Overview and Level Annotations

Branches:
Dungeon (4/15)
 Temple: D:4-7

Altars:

Shops:
D:1 =   D:2 ?

Annotations:
D:4 exclusion: scorpion

###########################
........ySยงโ—‹@..>..........#
.......##################'###
$...... #.......... .....(.
#.........# .......
#.........# .......
#.........# ..[....
#.......... .. .######
#.........# ..
######<.......>#


You could see a killer bee (inner flame) and an adder (inner flame).


Message History

The killer bee stings you.
* * * LOW HITPOINT WARNING * * *
๐Ÿ˜จ HP[-8]
You take 8 damage, and now have 20/46 hp.
You closely miss the killer bee. The killer bee stings you.
* * * LOW HITPOINT WARNING * * *
The killer bee stings you.
* * * LOW HITPOINT WARNING * * *
๐Ÿ˜จ HP[-5]
You take 5 damage, and now have 15/46 hp.
You completely miss the killer bee. The killer bee misses you.
The killer bee stings you but does no damage.
You closely miss the killer bee.
The killer bee stings you but does no damage.
The killer bee stings you.
* * * LOW HITPOINT WARNING * * *
๐Ÿ˜จ HP[-2]
You take 2 damage, and now have 13/46 hp.
You miss the killer bee. The killer bee closely misses you.
The killer bee stings you but does no damage.
The killer bee closely misses you.
You hit the killer bee but do no damage.
The killer bee looks even sicker.
You kill the killer bee!
You closely miss the hobgoblin. The hobgoblin hits you.
* * * LOW HITPOINT WARNING * * *
๐Ÿ˜ฑ HP[-2]
You take 2 damage, and now have 11/46 hp.
You barely miss the hobgoblin. The hobgoblin closely misses you.
You barely miss the hobgoblin. The hobgoblin hits you.
* * * LOW HITPOINT WARNING * * *
๐Ÿ˜ฑ HP[-1]
You take 1 damage, and now have 10/46 hp.
You hit the hobgoblin.
The hobgoblin is poisoned.
You kill the hobgoblin! ๐Ÿ˜ฑ HP[+1] ๐Ÿ˜จ HP[+1]
You start resting. ๐Ÿ˜Ž HP[+34]
Your hp is fully restored (46).
There is a stone staircase leading down here.
You conjure some foxfire!
The killer bee buzzes angrily. x2; You hear an angry buzzing noise.
A killer bee comes into view. x2; An adder comes into view. ๐Ÿ˜• HP[-1]
You take 1 damage, and now have 45/46 hp.
You conjure some foxfire!
The foxfire hits the killer bee but does no damage. ๐Ÿ˜• HP[-1]
You take 1 damage, and now have 44/46 hp.
You conjure some foxfire!
The foxfire hits the killer bee. x2
You conjure some foxfire!
The foxfire hits the killer bee.
The killer bee stings you. ๐Ÿ˜• HP[-5]
You take 5 damage, and now have 39/46 hp.
There is not enough space to conjure foxfire!
There is not enough space to conjure foxfire!
There is not enough space to conjure foxfire!
There is not enough space to conjure foxfire!
The killer bee stings you. ๐Ÿ˜• HP[-2]
You take 2 damage, and now have 37/46 hp.
You hit the killer bee.
The killer bee is poisoned.
The killer bee stings you. The killer bee misses you. ๐Ÿ˜• HP[-1]
You take 1 damage, and now have 36/46 hp.
You miss the killer bee. The killer bee stings you! The killer bee stings you.
* * * LOW HITPOINT WARNING * * *
๐Ÿ˜จ HP[-13]
You take 13 damage, and now have 23/46 hp.
MASSIVE DAMAGE!! (PAUSE)
You barely miss the killer bee. The killer bee closely misses you.
The killer bee stings you.
* * * LOW HITPOINT WARNING * * *
The killer bee stings you!
* * * LOW HITPOINT WARNING * * *
๐Ÿ˜จ HP[-11]
You take 11 damage, and now have 12/46 hp.
MASSIVE DAMAGE!! (PAUSE)
You kill the killer bee!
The killer bee stings you.
* * * LOW HITPOINT WARNING * * *
๐Ÿ˜ฑ HP[-5]
You take 5 damage, and now have 7/46 hp.
You closely miss the killer bee. The killer bee closely misses you.
The killer bee misses you.
As you read the scroll labelled WAPUMEIPOE, it crumbles to dust.
The creatures around you are filled with an inner flame!
It was a scroll of immolation.
The killer bee stings you.
* * * LOW HITPOINT WARNING * * *
The killer bee stings you but does no damage. ๐Ÿ˜ฑ HP[-2]
You take 2 damage, and now have 5/46 hp.
You hit the killer bee.
Flame seeps out of the killer bee.
The killer bee is poisoned.
Flame seeps out of the killer bee.
The killer bee is engulfed in blazing flames.
The killer bee explodes!
The fiery explosion engulfs the killer bee!!!
The fiery explosion engulfs you! You resist.
You die...

Skill      XL: |  1  2  3  4  5 |
---------------+----------------+-----
Fighting       | 1 2 3 |  3.3
Dodging        | 3 4 |  4.4
Spellcasting   | 3 |  3.6
Stealth        | |  1.5

Action                   |  1- 3 |  4- 6 || total
-------------------------+-------+-------++-------
Melee: Dagger            |    20 |       ||    20
       Whip              |       |    42 ||    42
 Cast: Foxfire           |    53 |    98 ||   151
       Scorch            |    16 |     1 ||    17
  Use: Scroll            |       |     1 ||     1
 Stab: Sleeping          |       |     1 ||     1
Armor: Robe              |    10 |     7 ||    17
Dodge: Dodged            |    32 |    25 ||    57

Levels and vault maps discovered:
D:1:      dpeg_arrival_orchard, layout_basic, serial_shops,
          nicolae_lakefront_shop, chequers_serial_rivers_micro_e,
          palyth_stone_intersect, corexii_corridor_pit, minmay_misc_feat_x,
          hangedman_decor_riveting, minmay_pentomino_z4
D:2:      cheibrodos_old_hovel, layout_loops_cross, serial_shops, shop,
          uniq_robin
D:3:      minmay_chambers_of_threes, layout_basic, minmay_misc_feat_alley,
          hex_large, kennysheep_boxes
D:4:      minmay_inner_zag, layout_basic

Notes
Turn   | Place    | Note
-------+----------+-------------------------------------------
     0 | D:1      | GrayStillPlays the Djinni Fire Elementalist began the quest
                  | for the Orb.
     0 | D:1      | Reached XP level 1. HP: 15/15 MP: 0/0
     0 | D:1      | magus.rc [v1.9.6]
   512 | D:1      | Reached XP level 2. HP: 16/22 MP: 0/0
   674 | D:1      | Found Toshroale's Jewellery Shoppe.
   908 | D:1      | Reached skill level 1 in Fighting
  1633 | D:2      | Noticed Robin
  1645 | D:1      | Reached XP level 3. HP: 17/27 MP: 0/0
  1645 | D:1      | Learned a level 1 spell: Apportation
  2155 | D:2      | HP: 6/27 [Robin (4)]
  2156 | D:2      | Killed Robin
  2157 | D:2      | Reached skill level 3 in Dodging
  2549 | D:2      | Found Rorpholimn's Magic Scroll Emporium.
  3017 | D:2      | Reached XP level 4. HP: 30/33 MP: 0/0
  3478 | D:3      | Reached skill level 2 in Fighting
  3478 | D:3      | Reached skill level 3 in Spellcasting
  4714 | D:4      | Noticed a scorpion
  4824 | D:4      | Reached XP level 5. HP: 35/39 MP: 0/0
  4824 | D:4      | Learned a level 2 spell: Corpse Rot
  4877 | D:4      | Noticed a sky beast
  4891 | D:4      | HP: 9/39 [sky beast (6)]
  4895 | D:4      | Killed a sky beast
  4896 | D:4      | Reached skill level 3 in Fighting
  4896 | D:4      | Reached skill level 4 in Dodging
  4896 | D:4      | Reached XP level 6. HP: 11/46 MP: 0/0
  5321 | D:4      | HP: 11/46 [hobgoblin (2)]
  5587 | D:4      | HP: 7/46 [killer bee (5)]
  5590 | D:4      | Killed by an exploding killer bee... ignited by their inner
                  | flame

Vanquished Creatures
  A sky beast (D:4)
  4 killer bees (D:4)
  An iguana (D:4)
  Robin (D:2)
  2 adders
  A dart slug (D:3)
  9 ball pythons
  4 endoplasms
  4 giant cockroaches
  11 goblins
  10 hobgoblins
  A quokka (D:1)
  5 bats
  2 frilled lizards
  6 kobolds
  5 rats (D:3)
67 creatures vanquished.

Vanquished Creatures (collateral kills)
  16 foxfires
16 creatures vanquished.

Vanquished Creatures (others)
  187 foxfires
  25 plants (D:3)
212 creatures vanquished.

Grand Total: 295 creatures vanquished

Table legend:
 A = Non-vault XP
 B = Vault XP
 C = Vault XP percentage of total XP
 D = Non-vault monster count
 E = Vault monster count
 F = Vault count percentage of total count
                 A         B        C        D         E       F
            +---------+---------+-------+---------+---------+-------
      Total |     304 |     250 |  45.1 |      34 |      33 |  49.3
            +---------+---------+-------+---------+---------+-------
        D:1 |      15 |      27 |  64.3 |      10 |      14 |  58.3
        D:2 |       8 |      22 |  73.3 |       5 |       4 |  44.4
        D:3 |      13 |      34 |  72.3 |       9 |      12 |  57.1
        D:4 |     268 |     167 |  38.4 |      10 |       3 |  23.1
            +---------+---------+-------+---------+---------+-------

Illustrated notes

Table legend:
 A = Kills in this place as a percentage of kills in entire the game.
 B = Kills by you in this place as a percentage of kills by you in the entire game.
 C = Kills by friends in this place as a percentage of kills by friends in the entire game.
 D = Other kills in this place as a percentage of other kills in the entire game.
 E = Experience gained in this place as a percentage of experience gained in the entire game.
 F = Experience gained in this place divided by the number of levels of this place that you have seen.
                   A       B       C       D       E      F
               +-------+-------+-------+-------+-------+----------------------
         Total | 100.0 | 100.0 |   N/A |   N/A | 100.0 | 138.5
       Dungeon | 100.0 | 100.0 |   N/A |   N/A | 100.0 | 138.5
               +-------+-------+-------+-------+-------+----------------------

Table legend: (Time is in decaauts)
 A = Elapsed time spent in this place.
 B = Non-inter-level travel time spent in this place.
 C = Inter-level travel time spent in this place.
 D = Time resting spent in this place.
 E = Time spent auto-exploring this place.
 F = Levels seen in this place.
 G = Mean time per level.
                   A        B        C        D        E       F      G
               +--------+--------+--------+--------+--------+-----+--------+
         Total |   5597 |   5509 |     88 |   1044 |   3961 |   4 | 1399.2 |
       Dungeon |   5597 |   5509 |     88 |   1044 |   3961 |   4 | 1399.2 |
               +--------+--------+--------+--------+--------+-----+--------+

Top non-repeatable levels by time:
     D:1: 2133 daAuts
     D:3: 1213 daAuts
     D:2: 1145 daAuts
     D:4: 1105 daAuts
